[Event "Titled Tuesday Blitz May 10 Late 2022"]
[White "Toncheva, Nadya"]
[Black "Postny, Evgeny"]
[WhiteFideId "2924056"]
[BlackFideId "2804344"]
[WhiteElo "1888"]
[BlackElo "2500"]
[Result "0-1"]
[Round "01"]
[TimeControl "180+1"]
[Date "2022.05.11"]
[WhiteClock "0:00:05"]
[BlackClock "0:00:04"]

1. e4 c5 2. Nf3 e6 3. d4 cxd4 4. Nxd4 a6 5. c4 Nf6 6. Nc3 Bb4 7. Qd3 Qc7 8. Be2 Nc6 9. Nc2 Ne5 10. Qg3 Bxc3+ 11. bxc3 O-O 12. Bh6 Ne8 13. O-O d6 14. Ne3 Bd7 15. f4 Ng6 16. f5 gxh6 17. fxg6 hxg6 18. Qh4 Kg7 19. Rf3 Qc5 20. Qe7 Qg5 21. Qxd7 Nf6 22. Qxd6 Rad8 23. Qf4 Qxf4 24. Rxf4 g5 25. Rff1 Nxe4 26. Bf3 Nc5 27. Rab1 Rd3 28. Rfe1 Rxc3 29. Bxb7 Rb8 30. Nd1 Rc2 31. Be4 Rxb1 32. Bxc2 Rc1 33. Bb3 a5 34. Kf2 a4 35. Ne3 Rxe1 36. Kxe1 axb3 37. axb3 Nxb3 38. Ke2 Kf6 39. Kd3 Ke5 40. Ng4+ Kf4 41. Nxh6 f5 42. g3+ Kf3 43. Ng8 e5 44. Ne7 e4+ 45. Kc3 e3 46. Kxb3 e2 47. Nxf5 e1=Q 48. Nd4+ Ke4 49. Nb5 Qd1+ 50. Kb4 Qd2+ 51. Kc5 Qxh2 52. Nd6+ Ke5 53. Nf7+ Kf6 54. Nd6 Ke6 55. Kc6 Qg2+ 56. Kc5 Qf2+ 57. Kc6 Qf3+ 58. Kc5 Qa3+ 0-1


[Site "https://www.chess.com"]

[Event "Titled Tuesday Blitz May 10 Late 2022"]
[White "Urbina Perez, Juan Antonio"]
[Black "Clarke, Brandon G I"]
[WhiteFideId "2217368"]
[BlackFideId "400319"]
[WhiteElo "2192"]
[BlackElo "2414"]
[Result "1/2-1/2"]
[Round "01"]
[TimeControl "180+1"]
[Date "2022.05.10"]
[WhiteClock "0:00:26"]
[BlackClock "0:00:41"]

1. e4 c5 2. Nf3 d6 3. Bb5+ Nd7 4. d4 cxd4 5. Qxd4 a6 6. Bxd7+ Bxd7 7. Nc3 e5 8. Qd3 Rc8 9. O-O h6 10. Rd1 Nf6 11. a4 Be7 12. Nd2 Qc7 13. Nf1 Bg4 14. f3 Be6 15. Ne3 O-O 16. Bd2 Rfd8 17. Rac1 Qc5 18. Kh1 d5 19. Ncxd5 Nxd5 20. exd5 Bxd5 21. Nxd5 Rxd5 22. Qe2 Rcd8 23. Bc3 Bg5 24. Rxd5 Qxd5 25. Re1 f6 26. g3 h5 27. Kg2 h4 28. Qe4 Qxe4 29. Rxe4 hxg3 30. hxg3 Kf7 31. Rb4 Rd7 32. Kf2 Ke6 33. Ke2 Kd5 34. f4 exf4 35. gxf4 Bh6 36. Rd4+ Kc6 37. Rxd7 Kxd7 38. Kf3 f5 39. Bd4 Kc6 40. c4 g6 41. b4 b5 42. cxb5+ axb5 43. a5 Bf8 44. Bc3 Bd6 45. Ke3 Kd5 46. Bd2 Bb8 47. Kd3 Bd6 48. Ke3 Be7 49. Kd3 Bh4 50. Be3 Be1 51. Bc5 Bg3 52. Be3 Kc6 53. Bd2 Bf2 54. Be3 Be1 55. Bd2 Bh4 56. Be3 Be7 57. Bd2 Bd8 58. Kd4 Bf6+ 59. Kd3 Kd5 60. Be3 Be7 61. Bd2 Bd6 62. Ke3 1/2-1/2


[Site "https://www.chess.com"]

[Event "Titled Tuesday Blitz May 10 Late 2022"]
[White "Vasquez Schroeder, Rodrigo"]
[Black "RestartingChess"]
[WhiteFideId "3400042"]
[WhiteElo "2567"]
[BlackElo "2475"]
[Result "1-0"]
[Round "01"]
[TimeControl "180+1"]
[Date "2022.05.11"]
[WhiteClock "0:02:15"]
[BlackClock "0:02:11"]

1. e4 c6 2. Nf3 d5 3. d3 dxe4 4. dxe4 Qxd1+ 5. Kxd1 Nf6 6. Nfd2 e5 7. f3 Bc5 8. Nc4 Nbd7 9. Be3 Bxe3 10. Nxe3 O-O 11. Nd2 Rd8 12. c3 Nf8 13. Kc2 Ne6 14. Ndc4 Nd7 15. Rd1 f6 16. Nf5 Ndf8 17. Ne7+ Kf7 18. Nxc8 Raxc8 19. Nd6+ Rxd6 20. Rxd6 Nf4 21. g3 N4e6 22. Bc4 b5 23. Bxe6+ Nxe6 24. Rd7+ Kg6 25. Rxa7 Ng5 26. Rf1 Rd8 27. h4 Ne6 28. Rd1 Rf8 29. Rd6 Nc5 30. b4 Na4 31. Rxc6 Rd8 32. Rcc7 Rg8 33. c4 Nb6 34. cxb5 f5 1-0


[Site "https://www.chess.com"]

[Event "Titled Tuesday Blitz May 10 Late 2022"]
[White "Vega Gutierrez, Sabrina"]
[Black "Suleymanli, Aydin"]
[WhiteFideId "2219026"]
[BlackFideId "13413937"]
[WhiteElo "2286"]
[BlackElo "2481"]
[Result "0-1"]
[Round "01"]
[TimeControl "180+1"]
[Date "2022.05.10"]
[WhiteClock "0:00:48"]
[BlackClock "0:01:20"]

1. e4 c5 2. Nf3 Nc6 3. d4 cxd4 4. Nxd4 Nf6 5. Nc3 d6 6. Bg5 Bd7 7. Qd2 Rc8 8. O-O-O Nxd4 9. Qxd4 Qa5 10. Bxf6 gxf6 11. Kb1 Bg7 12. Be2 O-O 13. Nd5 Rfe8 14. g4 f5 15. Qe3 fxe4 16. Qg5 Kh8 17. Qh4 Be6 18. c4 Bxd5 19. Rxd5 Qb4 0-1


[Site "https://www.chess.com"]

[Event "Titled Tuesday Blitz May 10 Late 2022"]
[White "Vestby-Ellingsen, Mads"]
[Black "Sarana, Alexey"]
[WhiteFideId "1520857"]
[BlackFideId "24133795"]
[WhiteElo "2232"]
[BlackElo "2666"]
[Result "0-1"]
[Round "01"]
[TimeControl "180+1"]
[Date "2022.05.10"]
[WhiteClock "0:00:15"]
[BlackClock "0:01:39"]

1. d4 Nf6 2. c4 c6 3. Nf3 d5 4. Nbd2 Bf5 5. e3 h6 6. Qb3 Qb6 7. Be2 e6 8. O-O Nbd7 9. a4 a5 10. c5 Qc7 11. Bd3 g6 12. Re1 b6 13. cxb6 Qxb6 14. Qxb6 Nxb6 15. Bxf5 gxf5 16. b3 Ne4 17. Ne5 f6 18. Nxe4 fxe4 19. Ng6 Bb4 20. Nxh8 Bxe1 21. Ba3 Bb4 22. Bxb4 axb4 23. Rc1 Kd7 24. Ng6 Kd6 25. h4 Nd7 26. g4 c5 27. Kf1 Rc8 28. Ke2 c4 29. Kd2 e5 30. h5 c3+ 31. Kc2 Rg8 32. a5 exd4 33. exd4 Nb8 34. Rd1 Nc6 35. a6 Ra8 36. Nh4 Rxa6 37. Nf5+ Kd7 38. Kb1 Ra3 39. Nxh6 Rxb3+ 40. Ka1 Ra3+ 41. Kb1 Na5 42. Nf5 Rb3+ 43. Ka1 Rb2 0-1


[Site "https://www.chess.com"]

[Event "Titled Tuesday Blitz May 10 Late 2022"]
[White "Villiers, Thomas"]
[Black "Djokic, Mihailo"]
[WhiteFideId "427209"]
[BlackFideId "976440"]
[WhiteElo "2164"]
[BlackElo "2202"]
[Result "1-0"]
[Round "01"]
[TimeControl "180+1"]
[Date "2022.05.11"]
[WhiteClock "0:01:22"]
[BlackClock "0:00:30"]

1. e4 c5 2. Nf3 d6 3. d4 cxd4 4. Qxd4 a6 5. Be3 Nc6 6. Qd2 Nf6 7. Nc3 g6 8. Bc4 Bg7 9. Bh6 O-O 10. Bxg7 Kxg7 11. Bb3 b5 12. O-O Bg4 13. Nd4 Rc8 14. f3 Qb6 15. Ne2 Nxe4 16. Qe3 Nxd4 17. Nxd4 Kg8 18. fxg4 Nf6 19. Nf5 Qxe3+ 20. Nxe3 Ne4 21. Nd5 Rfe8 22. Rae1 Nd2 23. Nxe7+ Rxe7 24. Rxe7 Nxf1 25. Rxf7 Nd2 26. Rc7+ 1-0


[Site "https://www.chess.com"]

[Event "Titled Tuesday Blitz May 10 Late 2022"]
[White "Voiteanu, Gabriel"]
[Black "Godzwon, Iwo"]
[WhiteFideId "1208810"]
[BlackFideId "21802483"]
[WhiteElo "2001"]
[BlackElo "2201"]
[Result "1/2-1/2"]
[Round "01"]
[TimeControl "180+1"]
[Date "2022.05.11"]
[WhiteClock "0:00:01"]
[BlackClock "0:00:05"]

1. d4 Nf6 2. g3 g6 3. Bg2 Bg7 4. Nf3 O-O 5. O-O d5 6. c4 dxc4 7. Na3 c3 8. bxc3 c5 9. Nc4 Nc6 10. Nfe5 Nxe5 11. Nxe5 Nd5 12. Bd2 Nb6 13. dxc5 Na4 14. Qxa4 Bxe5 15. Bh6 Bg7 16. Rfd1 Qc7 17. Bxg7 Kxg7 18. Qd4+ Kg8 19. Rab1 Rb8 20. c6 b6 21. h4 Bf5 22. e4 Bg4 23. Rd2 Rfd8 24. Qe3 Qxc6 25. e5 Qc7 26. Rd4 Be6 27. h5 Bxa2 28. Ra1 Be6 29. Bf3 a5 30. Kg2 Rxd4 31. cxd4 Rd8 32. Rh1 Bd5 33. Bxd5 Rxd5 34. e6 Qc6 35. Qf3 f6 36. hxg6 hxg6 37. Qe4 Kg7 38. Kg1 Qc1+ 39. Kg2 Qc6 40. Kg1 Rd6 41. Qh4 Qc1+ 42. Kg2 Qc6+ 43. Kg1 Qc1+ 44. Kg2 Qc6+ 45. Kg1 1/2-1/2


[Site "https://www.chess.com"]

[Event "Titled Tuesday Blitz May 10 Late 2022"]
[White "Vujic, Mihailo"]
[Black "Babazada, Khazar"]
[WhiteFideId "918873"]
[BlackFideId "13413554"]
[WhiteElo "2256"]
[BlackElo "2406"]
[Result "1-0"]
[Round "01"]
[TimeControl "180+1"]
[Date "2022.05.10"]
[WhiteClock "0:00:25"]
[BlackClock "0:00:21"]

1. e4 g6 2. d4 Bg7 3. Nc3 d6 4. Bg5 h6 5. Bh4 a6 6. Nf3 b5 7. Bd3 Bb7 8. Qe2 Nc6 9. Qe3 Nf6 10. h3 O-O 11. O-O-O b4 12. Nd5 Qd7 13. Bxf6 exf6 14. Kb1 a5 15. Qxh6 Bxh6 16. Nxf6+ Kg7 17. Nxd7 Rfd8 18. d5 Ne7 19. Bb5 Ba6 20. Bc6 Nxc6 21. dxc6 a4 22. e5 dxe5 23. Ndxe5 b3 24. Rd7 Rxd7 25. cxd7 Bb5 26. c4 Bxd7 27. Nxd7 Rd8 28. Nc5 bxa2+ 29. Kxa2 Ra8 30. Rd1 Kg8 31. Rd7 Bf8 32. Ne4 a3 33. b3 Bg7 34. Rxc7 Re8 35. Ned2 Bf8 36. c5 Kg7 37. Kxa3 Kf6 38. b4 Ke6 39. Kb3 Kd5 40. Rxf7 1-0


[Site "https://www.chess.com"]

[Event "Titled Tuesday Blitz May 10 Late 2022"]
[White "Wachinger, Guenther"]
[Black "Mikhailov, Viacheslav"]
[WhiteFideId "4604261"]
[BlackFideId "4187369"]
[WhiteElo "2212"]
[BlackElo "2381"]
[Result "0-1"]
[Round "01"]
[TimeControl "180+1"]
[Date "2022.05.11"]
[WhiteClock "0:00:04"]
[BlackClock "0:00:40"]

1. e4 d6 2. d4 Nf6 3. Nc3 g6 4. Nf3 Bg7 5. Be3 O-O 6. Qd2 Bg4 7. Bh6 Nc6 8. Bxg7 Kxg7 9. h3 Bxf3 10. gxf3 e5 11. dxe5 dxe5 12. O-O-O Qxd2+ 13. Rxd2 Rad8 14. Nd5 Nxd5 15. Rxd5 Nd4 16. Rxe5 Nxf3 17. Ra5 Rd2 18. Bg2 Rxf2 19. Bxf3 Rxf3 20. Rxa7 Rb8 21. Ra4 Rd8 22. Rb4 b6 23. Rb3 Rf2 24. Rc3 c5 25. Rb3 Rd6 26. Rd1 Re6 27. Re3 h5 28. Rd2 Rf1+ 29. Rd1 Rxd1+ 30. Kxd1 f5 31. Ke2 Kf6 32. exf5 Rxe3+ 33. Kxe3 Kxf5 34. Kf3 g5 35. Kg3 Ke4 36. Kf2 Kf4 37. a3 Ke4 38. Ke2 Kd4 39. Kf3 c4 40. Ke2 b5 41. b3 Kc3 42. b4 Kd4 43. Kf2 Ke4 44. Ke2 Kf4 45. Kf2 g4 46. hxg4 hxg4 47. Kg2 g3 48. Kg1 Kf3 49. c3 g2 50. a4 bxa4 51. b5 a3 52. b6 a2 53. b7 a1=Q+ 54. Kh2 Qh1# 0-1


[Site "https://www.chess.com"]

[Event "Titled Tuesday Blitz May 10 Late 2022"]
[White "Weber, Samuel"]
[Black "Herrera Reyes, Jose Antonio"]
[WhiteFideId "12924008"]
[BlackFideId "2274914"]
[WhiteElo "2215"]
[BlackElo "2361"]
[Result "0-1"]
[Round "01"]
[TimeControl "180+1"]
[Date "2022.05.11"]
[WhiteClock "0:01:08"]
[BlackClock "0:00:51"]

1. e4 c5 2. Nf3 e6 3. g3 b6 4. Bg2 Bb7 5. d3 Qc7 6. O-O d6 7. Nc3 a6 8. d4 cxd4 9. Nxd4 Nd7 10. Be3 Ngf6 11. Re1 h5 12. h4 Be7 13. a4 Rc8 14. Qd2 Ne5 15. Bg5 Nc4 16. Qc1 O-O 17. Bxf6 Bxf6 18. Nce2 Rfe8 19. c3 g6 20. Qh6 Bg7 21. Qg5 Nxb2 22. g4 hxg4 23. h5 Qc5 24. Qxg4 Qxh5 25. Qg3 Be5 26. f4 Bg7 27. Bf3 Qc5 28. Kg2 e5 29. Nf5 gxf5 30. Rg1 exf4 31. Nxf4 fxe4 32. Bh5 Qxc3 33. Qg4 Nd3 34. Bxf7+ Kxf7 35. Qg6+ Kg8 36. Ne6 Qf6 0-1


[Site "https://www.chess.com"]

[Event "Titled Tuesday Blitz May 10 Late 2022"]
[White "Wieczorek, Oskar"]
[Black "Wartiovaara, Oliver"]
[WhiteFideId "1133950"]
[BlackFideId "513024"]
[WhiteElo "2330"]
[BlackElo "1971"]
[Result "1-0"]
[Round "01"]
[TimeControl "180+1"]
[Date "2022.05.11"]
[WhiteClock "0:01:41"]
[BlackClock "0:01:11"]

1. e4 e6 2. d4 d5 3. Nd2 Nf6 4. e5 Nfd7 5. f4 c5 6. c3 Nc6 7. Ndf3 Qb6 8. a3 a5 9. b3 Be7 10. h4 O-O 11. Bd3 f5 12. Ne2 Ndb8 13. h5 h6 14. Rg1 Bd7 15. g4 fxg4 16. Rxg4 Be8 17. Ng3 Kh8 18. Bb1 Rf5 19. Nxf5 Bxh5 20. Ne3 cxd4 21. Qd3 Kg8 22. Qh7+ Kf8 23. Qh8+ 1-0


[Site "https://www.chess.com"]

[Event "Titled Tuesday Blitz May 10 Late 2022"]
[White "Yurovskykh, Oleksandr"]
[Black "Sjugirov, Sanan"]
[WhiteFideId "14134020"]
[BlackFideId "4189302"]
[WhiteElo "2292"]
[BlackElo "2602"]
[Result "0-1"]
[Round "01"]
[TimeControl "180+1"]
[Date "2022.05.10"]
[WhiteClock "0:00:13"]
[BlackClock "0:00:22"]

1. d4 Nf6 2. Nf3 g6 3. Nbd2 Bg7 4. e4 d6 5. Bb5+ c6 6. Be2 O-O 7. O-O Qc7 8. c3 e5 9. dxe5 dxe5 10. Qc2 Nh5 11. Re1 Nf4 12. Bf1 Re8 13. a4 Nd7 14. a5 Rb8 15. Nc4 b5 16. axb6 axb6 17. Be3 b5 18. Ncd2 Ne6 19. Ra7 Bb7 20. Rea1 Bf8 21. b4 Ra8 22. Rxa8 Rxa8 23. Rxa8 Bxa8 24. Qa2 Bb7 25. g3 Bd6 26. Bh3 Ndf8 27. Ng5 Nxg5 28. Bxg5 Kg7 29. Be3 Bc8 30. Bxc8 Qxc8 31. Kg2 h5 32. h3 Nd7 33. Nb3 Nf6 34. f3 Qe6 35. Nc1 Qd7 36. Qd2 Qc7 37. Nd3 Nd7 38. Qa2 Qc8 39. Qa7 Nf8 40. Bc5 Qe6 41. Bxd6 Qxd6 42. Qe3 Nd7 43. Kf2 Qe6 44. Ke2 Qxh3 45. Qa7 Qe6 46. Nc5 Qc4+ 47. Kd2 Nxc5 48. bxc5 b4 49. cxb4 Qxb4+ 50. Ke2 Qb2+ 51. Ke3 Qc3+ 52. Ke2 Qc2+ 53. Ke3 Qg2 54. Qb6 Qxg3 55. Qxc6 h4 56. Qd6 h3 57. Qd1 h2 58. Qa1 Qg1+ 0-1


[Site "https://www.chess.com"]

[Event "Titled Tuesday Blitz May 10 Late 2022"]
[White "Adewumi, Tanitoluwa"]
[Black "Petrova, Irina"]
[WhiteFideId "30966396"]
[BlackFideId "14124122"]
[WhiteElo "2517"]
[BlackElo "1993"]
[Result "1/2-1/2"]
[Round "02"]
[TimeControl "180+1"]
[Date "2022.05.11"]
[WhiteClock "0:00:01"]
[BlackClock "0:00:07"]

1. e4 c5 2. Nf3 Nc6 3. Bb5 g6 4. Bxc6 dxc6 5. d3 Bg7 6. h3 Nf6 7. O-O Nd7 8. Nc3 e5 9. Be3 b6 10. Qd2 h6 11. a3 Nf8 12. b4 cxb4 13. axb4 Ne6 14. b5 c5 15. Nd5 Nd4 16. Bxd4 cxd4 17. c4 dxc3 18. Qxc3 O-O 19. Qc7 Be6 20. Qxd8 Rfxd8 21. Nc7 Rac8 22. Nxe6 fxe6 23. Rxa7 Rxd3 24. Nh4 Kh7 25. f4 exf4 26. Rxf4 g5 27. Rff7 Rg8 28. Nf3 Rd1+ 29. Kh2 Kg6 30. Rfe7 Kf6 31. e5+ Kg6 32. Rxe6+ Kf5 33. Rxb6 Bxe5+ 34. Nxe5 Kxe5 35. Rxh6 Rb8 36. Rg7 Kf5 37. Rh5 Kf6 38. Rgxg5 Rb1 39. Rc5 Kg6 40. Rhd5 Kf6 41. Rc6+ Ke7 42. b6 R1xb6 43. Rxb6 Rxb6 44. Rg5 Kf6 45. Rg4 Rb3 46. Rg3 Rb4 47. Rf3+ Kg6 48. Kg3 Rc4 49. h4 Kh5 50. Rf5+ Kg6 51. Rf4 Rc2 52. Kh3 Kh6 53. g3 Kg6 54. Kg4 Rc3 55. h5+ Kh6 56. Kh4 Rb3 57. g4 Ra3 58. Rf7 Ra4 59. Rf6+ Kg7 60. Kg5 Ra5+ 61. Rf5 Ra4 62. h6+ Kg8 63. Kg6 Rxg4+ 64. Kh5 Rc4 65. Kg6 Rc6+ 66. Kg5 Rc8 67. Rb5 Kh8 68. Rb6 Rd8 69. Kg6 Rg8+ 70. Kh5 Rc8 71. Rf6 Rd8 72. Rf7 Rd5+ 73. Kg6 Rd6+ 74. Kg5 Rd5+ 75. Kh4 Rd4+ 76. Kh3 Rd3+ 77. Kg4 Rd4+ 78. Kf5 Rd5+ 79. Kg6 Rd6+ 80. Kg5 Rd5+ 81. Kf4 Rd4+ 82. Ke5 Rh4 83. Kf5 Rxh6 84. Kg5 Ra6 85. Rb7 Ra5+ 86. Kf4 Ra4+ 87. Ke3 Ra3+ 88. Kd2 Ra2+ 89. Kc1 Rg2 90. Rb5 Rh2 91. Kd1 Kg8 92. Ke1 Kf8 93. Kf1 Ke8 94. Kg1 Ra2 95. Re5+ Kd7 96. Rd5+ Ke6 97. Rd3 Rb2 98. Re3+ Kd5 99. Rf3 Ke4 100. Rg3 Kf4 101. Rg8 Kf3 102. Rc8 Kg3 103. Rc3+ Kf4 104. Rc4+ Kg3 105. Rc3+ Kf4 106. Ra3 Kg4 107. Kf1 Kf4 108. Ke1 Ke4 109. Kd1 Rh2 110. Kc1 Kd4 111. Ra4+ Kc3 112. Ra3+ Kb4 113. Rg3 Rf2 114. Kd1 Rh2 115. Ke1 Kc4 116. Kf1 Ra2 117. Rg4+ Kd3 118. Rg8 Ke3 119. Re8+ Kf3 120. Re7 Ra1+ 121. Re1 Rxe1+ 122. Kxe1 1/2-1/2


[Site "https://www.chess.com"]

[Event "Titled Tuesday Blitz May 10 Late 2022"]
[White "Aggelis, Nikolaos"]
[Black "Fawzy, Adham"]
[WhiteFideId "4213220"]
[BlackFideId "10613129"]
[WhiteElo "2154"]
[BlackElo "2546"]
[Result "1-0"]
[Round "02"]
[TimeControl "180+1"]
[Date "2022.05.10"]
[WhiteClock "0:00:42"]
[BlackClock "0:00:06"]

1. d4 Nf6 2. g3 d5 3. Nf3 c6 4. Bg2 g6 5. O-O Bg7 6. c4 O-O 7. cxd5 cxd5 8. Ne5 Nbd7 9. Bf4 e6 10. Nc3 Nh5 11. Nxd7 Bxd7 12. Bd2 Bxd4 13. Bh6 Bg7 14. Bxg7 Nxg7 15. e4 dxe4 16. Nxe4 Bc6 17. Qe2 Nf5 18. Rfd1 Qe7 19. g4 Nh4 20. Bh1 f5 21. gxf5 exf5 22. Qc4+ Kh8 23. Qd4+ Qg7 24. Qxg7+ Kxg7 25. Nc5 Bxh1 26. Ne6+ Kf7 27. Nxf8 Bc6 28. Nd7 Nf3+ 29. Kf1 Nxh2+ 30. Kg1 Nf3+ 31. Kf1 Re8 32. Rac1 h5 33. Rc3 g5 34. Nc5 h4 35. Nxb7 Bxb7 36. Rd7+ Re7 37. Rxe7+ Kxe7 38. Rc7+ Ke6 39. Rxb7 g4 40. Rxa7 h3 41. Rh7 Kf6 42. a4 Kg6 43. Rh8 Kg7 44. Rh5 Kg6 45. Rh8 Kg7 46. Rc8 f4 47. Rc3 Nd2+ 48. Kg1 Kf6 49. a5 Ne4 50. a6 g3 51. fxg3 fxg3 52. Rxg3 Nxg3 53. a7 Ne2+ 54. Kh2 Nf4 55. a8=Q 1-0


[Site "https://www.chess.com"]

[Event "Titled Tuesday Blitz May 10 Late 2022"]
[White "Akrakan"]
[Black "D`Arruda, Ricardo D."]
[BlackFideId "100692"]
[WhiteElo "2124"]
[BlackElo "2461"]
[Result "0-1"]
[Round "02"]
[TimeControl "180+1"]
[Date "2022.05.11"]
[WhiteClock "0:00:15"]
[BlackClock "0:00:22"]

1. e4 c5 2. Nf3 Nc6 3. c3 e6 4. d4 d5 5. e5 Nge7 6. a3 cxd4 7. cxd4 Nf5 8. b4 Be7 9. Be2 O-O 10. O-O f6 11. Bb2 fxe5 12. dxe5 Bd7 13. Nc3 Rc8 14. Rc1 Kh8 15. Bd3 g6 16. Ne2 a6 17. Ng3 Be8 18. Qd2 Nh4 19. Qe2 Nxf3+ 20. gxf3 Bg5 21. Rcd1 Bf4 22. Bb1 Qh4 23. Kg2 Ne7 24. Rd4 Bb5 25. Qd1 Bxf1+ 26. Qxf1 Qg5 27. Qd3 Bxe5 28. Rg4 Qf6 29. Nh5 Bxb2 30. Nxf6 Bxf6 31. f4 Rc3 32. Qe2 Rc6 33. Rg3 Re8 34. Rh3 Kg7 35. b5 Rb6 36. a4 axb5 37. axb5 Rd6 38. Bd3 d4 39. Qe4 Nf5 40. Qxb7+ Re7 41. Qb8 Red7 42. Bxf5 exf5 43. Rd3 Bd8 44. Qc8 Bb6 45. Qc4 Re7 46. h4 Re4 47. Kg3 Re7 48. h5 gxh5 49. Qc8 Rg6+ 50. Kf3 Rg4 51. Qxf5 Rf7 52. Qxh5 Rgxf4+ 53. Ke2 Rxf2+ 54. Kd1 Rf1+ 55. Kc2 R7f2+ 56. Kb3 Rb1+ 57. Kc4 Rc2+ 58. Kd5 Rc5+ 59. Ke4 Rxh5 60. Rg3+ Kh6 61. Kd3 Rbxb5 62. Rf3 Rb3+ 63. Ke4 Rxf3 64. Kxf3 d3 0-1


[Site "https://www.chess.com"]

[Event "Titled Tuesday Blitz May 10 Late 2022"]
[White "Aksu, Vedat Ali"]
[Black "Moral Garcia, Serafin"]
[WhiteFideId "6304320"]
[BlackFideId "2201925"]
[WhiteElo "2179"]
[BlackElo "2228"]
[Result "1-0"]
[Round "02"]
[TimeControl "180+1"]
[Date "2022.05.11"]
[WhiteClock "0:01:00"]
[BlackClock "0:01:02"]

1. Nf3 Nf6 2. c4 g6 3. b3 Bg7 4. Bb2 O-O 5. e3 c5 6. Nc3 Nc6 7. a3 d6 8. Ne2 e5 9. Ng3 e4 10. Ng5 Re8 11. h4 h6 12. Nh3 Qe7 13. Qc2 a6 14. Rd1 Bf5 15. Nxf5 gxf5 16. Nf4 Ne5 17. d3 b5 18. dxe4 bxc4 19. Bxc4 fxe4 20. Rh3 Kh8 21. Rg3 Ra7 22. Kf1 Rg8 23. Bd5 Nxd5 24. Rxd5 Qxh4 25. Kg1 Ng4 26. Rh5 Nxe3 27. Rxh4 Nxc2 28. Rxh6# 1-0


[Site "https://www.chess.com"]

[Event "Titled Tuesday Blitz May 10 Late 2022"]
[White "Alexiadis, Hristos"]
[Black "Bortnyk, Olexandr"]
[WhiteFideId "4249623"]
[BlackFideId "14120828"]
[WhiteElo "2416"]
[BlackElo "2723"]
[Result "0-1"]
[Round "02"]
[TimeControl "180+1"]
[Date "2022.05.10"]
[WhiteClock "0:01:43"]
[BlackClock "0:01:31"]

1. e4 Nf6 2. e5 Nd5 3. d4 d6 4. c4 Nb6 5. exd6 exd6 6. Nc3 Be7 7. Bd3 O-O 8. Nge2 c6 9. O-O Na6 10. b3 Nc7 11. Re1 d5 12. Be3 Bg4 13. Qc2 g6 14. f3 Bc8 15. Bf2 Re8 16. a4 a5 17. c5 Nd7 18. Rab1 Ne6 19. b4 axb4 20. Rxb4 b6 21. Rbb1 bxc5 22. dxc5 Ndxc5 23. Kh1 Nxd3 24. Qxd3 Ba6 25. Qd2 Bg5 26. Qc2 d4 27. Ne4 d3 28. Qxc6 dxe2 29. Nd6 Rf8 30. Rb6 Bd3 31. Rb3 Ra6 32. Bb6 Rxb6 33. Qxb6 Qxb6 34. Rxb6 Bd2 0-1


[Site "https://www.chess.com"]

[Event "Titled Tuesday Blitz May 10 Late 2022"]
[White "Al-Tarboush, Ward"]
[Black "Kazakouski, Valery"]
[WhiteFideId "7601450"]
[BlackFideId "13507443"]
[WhiteElo "2294"]
[BlackElo "2524"]
[Result "0-1"]
[Round "02"]
[TimeControl "180+1"]
[Date "2022.05.10"]
[WhiteClock "0:00:34"]
[BlackClock "0:02:03"]

1. e4 c5 2. Nf3 a6 3. c3 d5 4. exd5 Qxd5 5. d4 Bg4 6. Be2 Nf6 7. Be3 cxd4 8. Nxd4 Qxg2 9. Rf1 Bxe2 10. Qxe2 e6 11. Nd2 Nbd7 12. O-O-O Qd5 13. Kb1 Rc8 14. N2b3 Be7 15. Nf3 Qf5+ 16. Ka1 O-O 17. Rg1 Rfd8 18. Rg5 Qe4 19. Rd4 Qc6 20. Na5 Qc7 21. Rc4 Qb8 22. Bf4 Qa8 23. Bc7 Re8 24. Nd4 Nd5 25. Nxe6 Bxg5 0-1


[Site "https://www.chess.com"]

[Event "Titled Tuesday Blitz May 10 Late 2022"]
[White "Antonova, Nadezhda"]
[Black "Szabo, Marton Mihaly"]
[WhiteFideId "14700182"]
[BlackFideId "787086"]
[WhiteElo "1743"]
[BlackElo "1984"]
[Result "0-1"]
[Round "02"]
[TimeControl "180+1"]
[Date "2022.05.11"]
[WhiteClock "0:01:30"]
[BlackClock "0:00:58"]

1. Nf3 c5 2. b3 Nc6 3. Bb2 d6 4. d4 cxd4 5. Nxd4 Nf6 6. c4 g6 7. Nc3 Bg7 8. e3 O-O 9. Be2 Nxd4 10. exd4 b6 11. Bf3 Rb8 12. O-O Bb7 13. Bxb7 Rxb7 14. d5 Nd7 15. Re1 a6 16. Qe2 Re8 17. Ne4 Bxb2 18. Qxb2 b5 19. Qe2 Rf8 20. Nd2 bxc4 21. Nxc4 Nf6 22. Rad1 Re8 23. h3 h5 24. Qd2 Kg7 25. Qd4 Rb5 26. Ne3 Qb6 27. Qb2 Rc5 28. b4 a5 29. a3 axb4 30. axb4 Rb8 31. Rb1 Rb5 32. Nc2 Rxd5 33. Rxe7 Rd2 34. Rf1 Rc8 0-1


[Site "https://www.chess.com"]

[Event "Titled Tuesday Blitz May 10 Late 2022"]
[White "Arabidze, Meri"]
[Black "Jacobson, Brandon"]
[WhiteFideId "13604040"]
[BlackFideId "30901561"]
[WhiteElo "2335"]
[BlackElo "2362"]
[Result "0-1"]
[Round "02"]
[TimeControl "180+1"]
[Date "2022.05.10"]
[WhiteClock "0:00:04"]
[BlackClock "0:00:27"]

1. d4 Nf6 2. Nf3 g6 3. g3 Bg7 4. Bg2 O-O 5. O-O d6 6. a4 Nc6 7. a5 Bf5 8. a6 bxa6 9. c3 Qd7 10. Nbd2 a5 11. Nc4 Be4 12. Nxa5 Rfb8 13. Nc4 d5 14. Nce5 Qe8 15. Nxc6 Qxc6 16. Ne5 Qe8 17. Qa4 Bxg2 18. Kxg2 Rb6 19. f3 Qc8 20. b4 Ne8 21. Bf4 Nd6 22. Nd7 Rb7 23. Nc5 Rbb8 24. Nd7 Rb5 25. Bxd6 Qxd7 26. Bxc7 Rc8 27. Be5 Bxe5 28. dxe5 Rxc3 29. Qxa7 Qe6 30. f4 Rxb4 31. Rfd1 Rb2 32. Qa8+ Kg7 33. Re1 Qg4 34. Qa6 Re3 35. Kf2 Qf3+ 36. Kg1 Rexe2 0-1


[Site "https://www.chess.com"]

[Event "Titled Tuesday Blitz May 10 Late 2022"]
[White "Araujo Sanchez, Josue"]
[Black "Boidiya, Sidi"]
[WhiteFideId "6416896"]
[BlackFideId "19600100"]
[WhiteElo "2339"]
[BlackElo "2113"]
[Result "1-0"]
[Round "02"]
[TimeControl "180+1"]
[Date "2022.05.11"]
[WhiteClock "0:01:46"]
[BlackClock "0:00:50"]

1. e4 c5 2. Nf3 e6 3. c3 d5 4. e5 Nc6 5. d4 Nge7 6. Bd3 cxd4 7. cxd4 Ng6 8. h4 Bb4+ 9. Kf1 Qb6 10. a3 Be7 11. h5 Nf8 12. h6 g6 13. Nc3 Bd7 14. Na4 Qc7 15. Be3 a6 16. Rc1 Qa5 17. Nc5 Qb6 18. b4 Na7 19. Kg1 Bb5 20. Bc2 Bc4 21. Ng5 Bxg5 22. Bxg5 Nd7 23. Qf3 Qc6 24. Kh2 Nb5 25. Rhd1 b6 26. Ne4 Nc7 27. Nd6+ Kf8 28. Qxf7# 1-0


[Site "https://www.chess.com"]

[Event "Titled Tuesday Blitz May 10 Late 2022"]
[White "Ardila, Oscar Humberto"]
[Black "Vega Gutierrez, Sabrina"]
[WhiteFideId "4404742"]
[BlackFideId "2219026"]
[WhiteElo "1928"]
[BlackElo "2286"]
[Result "0-1"]
[Round "02"]
[TimeControl "180+1"]
[Date "2022.05.11"]
[WhiteClock "0:00:14"]
[BlackClock "0:00:25"]

1. d4 d5 2. c4 e6 3. Nc3 c6 4. cxd5 exd5 5. Nf3 Bd6 6. Bg5 Ne7 7. e3 Bf5 8. Be2 O-O 9. O-O Na6 10. Rc1 Nc7 11. a3 a5 12. Na4 Ne6 13. Bh4 b5 14. Nc5 Nxc5 15. dxc5 Bc7 16. Nd4 Bd7 17. Bg4 f5 18. Bh3 Qe8 19. Bg3 Bxg3 20. hxg3 Ng6 21. Qh5 Ne5 22. Qxe8 Raxe8 23. Rfd1 Nc4 24. Rc2 g5 25. b3 Nxa3 26. Ra2 b4 27. g4 fxg4 28. Bxg4 Bxg4 29. Rdd2 Bd7 30. Kh2 Rf6 31. Kg3 h5 32. f3 Rxe3 33. Kf2 Rc3 34. Rab2 g4 35. Kg3 gxf3 36. gxf3 Nb5 37. Nxb5 Rfxf3+ 38. Kh4 Rh3+ 39. Kg5 cxb5 40. Rxd5 Be6 41. Rd6 Kf7 42. Rf2+ Ke7 43. Re2 Rxc5+ 44. Kh6 Kxd6 45. Rd2+ Ke7 46. Kg7 Rg3+ 47. Kh6 h4 48. Rd4 h3 49. Rh4 a4 50. bxa4 bxa4 51. Kh7 a3 52. Rh6 a2 0-1


[Site "https://www.chess.com"]